 Dungeon Sprint DCSS version 0.14-a0-2644-gcc8e764 (webtiles) character file.

76 BluebellGnoll the Covert (level 4, 4/21 HPs)
             Began as a Spriggan Enchanter on Feb 16, 2014.
             Was an Initiate of Sif Muna.
             Quit the game in the Dungeon (Sprint IX: "|||||||||||||||||||||||||||||").
             The game lasted 00:03:45 (354 turns).

BluebellGnoll the Covert (Spriggan Enchanter)        Turns: 354, Time: 00:03:46

HP   4/21        AC  3     Str  4      XL: 4   Next: 12%
MP   0/13        EV 19     Int 17      God: Sif Muna [......]
Gold 0           SH  0     Dex 16      Spells:  4 memorised,  1 level left

rFire  . . .     SeeInvis +     t - +2 cutlass of Slow Death {slice, +Fly MR++ SInv}
rCold  . . .     Clarity  .     b - +1 robe
rNeg   . . .     Conserve .     (shield restricted)
rPois  .         rCorr    .     (helmet restricted)
rElec  .         rRot     .     (no cloak)
SustAb . .       Spirit   .     (gloves unavailable)
rMut   .         Warding  .     (boots unavailable)
Saprov . . .     NoTele   +     (no amulet)
MR     ++...                    (no ring)
                                (no ring)

@: very quick, very resistant to hostile enchantments, extremely stealthy
A: unfitting armour, see invisible, herbivore 3, speed 3, slow metabolism 2
a: Renounce Religion, Evoke Flight


You were in the Dungeon.
You worshipped Sif Muna.
Sif Muna was noncommittal.
You were not hungry.

You visited 1 branch

Inventory:

Hand weapons
 j - a cursed -3,-3 bow
 s - the +8,+8 autumn katana {slice, Clar}
   (You found it in the Dungeon)

   It inflicts extra damage upon your enemies.
   It protects you against confusion.
 t - the +2,+2 cutlass of Slow Death (weapon) {slice, +Fly MR++ SInv}
   (You found it in the Dungeon)

   It inflicts extra damage upon your enemies.
   It affects your resistance to hostile enchantments.
   It enhances your eyesight.
   It lets you fly.
Missiles
 d - 11 darts (quivered)
 l - 5 arrows of flame
Armour
 b - a +1 robe (worn)
Magical devices
 p - a wand of draining (7)
Scrolls
 k - 2 scrolls of blinking
 n - 3 scrolls of remove curse
 o - 2 scrolls of amnesia
Jewellery
 q - a +3 ring of strength
 r - a +3 ring of intelligence
Potions
 e - a potion of porridge
 f - 5 potions of curing
 g - 3 potions of heal wounds
 h - a potion of speed
 i - 4 potions of magic
 m - a potion of invisibility
Books
 c - a book of Maledictions

   Spells                             Type                      Level
   *Corona                            Hexes                        1
   *Sure Blade                        Hexes/Charms                 2
   *Ensorcelled Hibernation           Hexes/Ice                    2
   *Confuse                           Hexes                        3
   Enslavement                        Hexes                        4
   Invisibility                       Hexes                        6


   Skills:
 - Level 1.2 Short Blades
 - Level 1.1 Throwing
 * Level 3.7 Dodging
 * Level 11.7 Stealth
 * Level 3.3 Spellcasting
 + Level 4.3 Hexes


You had one spell level left.
You knew the following spells:

 Your Spells              Type           Power        Failure   Level  Hunger
a - Corona                Hex            ###....      2%          1    None
b - Sure Blade            Hex/Chrm       ##........   12%         2    ##.....
c - Confuse               Hex            ###.....     10%         3    ###....
d - Ensorcelled Hibernat  Hex/Ice        ##....       12%         2    ##.....


Dungeon Overview and Level Annotations

Branches:
Dungeon (1/1)

Altars:
Ashenzari
Cheibriados
Dithmenos
Elyvilon
Fedhas
Kikubaaqudgha
Makhleb
Nemelex Xobeh
Okawaru
Sif Muna
Trog
Vehumet
Xom
Yredelemnul
Zin
The Shining One


Innate Abilities, Weirdness & Mutations

You are tiny and cannot use many weapons and most armour.
You have supernaturally acute eyesight.
You are a herbivore.
You cover ground extremely quickly.
You need consume almost no food.


Message History

There is an open door to the Temple here.
You see here a dagger.
The killer bee closely misses you.
There is an open door here.
Items here: ))))) a +2,+3 war axe of chopping; a +0,+0 lajatang; a +2,+2 halberd of venom a +2,+2 dire flail of protection; a +1,+1 dagger The killer bee stings you.
Things that are here:
a rotting bat corpse; a rotting rat corpse
Casting: Confuse
Confirm with . or Enter, or press ? or * to list all spells.
Aiming: Confuse
Press: ? - help, Shift-Dir - straight line, f/p - killer bee
Aim: a killer bee The killer bee resists with significant effort.
The killer bee stings you.
* * * LOW HITPOINT WARNING * * *
The killer bee misses you.
Are you sure you want to abandon this character and quit the game? (Confirm with "yes".) ▓▓▓▓▓▓▓▓▓▓▓▓▓▓▓▓▓▓▓▓▓▓▓▓▓▓▓ _____'..)..'.).k@(.......<▓ ▓▓▓▓▓▓▓▓▓▓▓▓▓▓▓▓▓▓▓▓▓▓▓▓▓▓▓

You could see a killer bee.

Vanquished Creatures
  A centaur (D)
  An orc (D)
  A goblin (D)
  A hobgoblin (D)
  A quokka (D)
  2 bats (D)
  4 rats (D)
11 creatures vanquished.

Notes
Turn   | Place    | Note
--------------------------------------------------------------
     0 | D        | BluebellGnoll, the Spriggan Enchanter, began the quest for the Orb.
     0 | D        | Reached XP level 1. HP: 9/9 MP: 4/4
    11 | D        | Reached skill level 4 in Hexes
    26 | D        | Noticed a centaur
    38 | D        | Killed a centaur
    38 | D        | Reached skill level 11 in Stealth
    38 | D        | Reached XP level 2. HP: 4/13 MP: 8/8
    38 | D        | Reached XP level 3. HP: 5/16 MP: 11/11
    38 | D        | Reached XP level 4. HP: 6/21 MP: 13/13
    50 | D        | Found a blossoming altar of Fedhas.
    50 | D        | Found a snail-covered altar of Cheibriados.
    50 | D        | Found an iron altar of Okawaru.
    50 | D        | Found a basalt altar of Yredelemnul.
    50 | D        | Found a white marble altar of Elyvilon.
    50 | D        | Found a radiant altar of Vehumet.
    50 | D        | Found a bloodstained altar of Trog.
    51 | D        | Found a glowing golden altar of the Shining One.
    52 | D        | Found a snail-covered altar of Cheibriados.
    53 | D        | Found a glowing silver altar of Zin.
    54 | D        | Found an ancient bone altar of Kikubaaqudgha.
    55 | D        | Found a shimmering altar of Xom.
    56 | D        | Found a shadowy altar of Dithmenos.
    57 | D        | Found a deep blue altar of Sif Muna.
    58 | D        | Found a shattered altar of Ashenzari.
    59 | D        | Found a sparkling altar of Nemelex Xobeh.
    60 | D        | Found a blossoming altar of Fedhas.
    61 | D        | Found a burning altar of Makhleb.
    66 | D        | Became a worshipper of Sif Muna the Loreminder
    92 | D        | Got the +2,+2 cutlass of Slow Death {slice, +Fly MR++ SInv}
   133 | D        | Learned a level 2 spell: Sure Blade
   137 | D        | Learned a level 3 spell: Confuse
   140 | D        | Learned a level 2 spell: Ensorcelled Hibernation
   307 | D        | Noticed a yak
   307 | D        | Noticed a crimson imp
   307 | D        | Noticed an eye of draining
   307 | D        | Noticed a killer bee
   354 | D        | Quit the game

Action                   |  1- 3 |  4- 6 || total
-------------------------+-------+-------++-------
Melee: Dagger            |    21 |     4 ||    25
       Cutlass           |       |     1 ||     1
Throw: Dart              |       |     1 ||     1
 Cast: Confuse           |       |     3 ||     3
       Sure Blade        |       |     1 ||     1
  Use: Potion            |     1 |       ||     1
 Stab: Sleeping          |     1 |     1 ||     2
